 Dungeon Crawl Stone Soup version 0.18.1-8-gdd0e5ea (webtiles) character file.

1474 vonhedlund the Destroyer (level 8, -2/46 HPs)
             Began as a High Elf Conjurer on May 16, 2016.
             Slain by a crocodile (9 damage)
             ... on level 7 of the Dungeon on May 23, 2016.
             The game lasted 00:44:07 (4840 turns).

vonhedlund the Destroyer (High Elf Conjurer)        Turns: 4840, Time: 00:44:08

Health: -2/46      AC:  8    Str:  8    XL:     8   Next: 49%
Magic:  10/20      EV: 12    Int: 21    God:
Gold:   309        SH:  0    Dex: 15    Spells: 2 memorised, 19 levels left

rFire  . . .     SeeInvis .     u - +2 scimitar (protect)
rCold  . . .     Gourm    .     J - +0 robe {MR+}
rNeg   . . .     Faith    .     (no shield)
rPois  .         Spirit   .     (no helmet)
rElec  .         Dismiss  .     (no cloak)
rCorr  .         Reflect  .     (no gloves)
SustAt .         Harm     .     H - +0 pair of boots
MR     +....                    (no amulet)
Stlth  ++........               (no ring)
                                (no ring)

@: somewhat resistant to hostile enchantments, unstealthy
A: no striking features
a: no special abilities


You were on level 7 of the Dungeon.
You were not hungry.

You visited 1 branch of the dungeon, and saw 7 of its levels.

You collected 309 gold pieces.

Inventory:

Hand Weapons
 n - a +0 short sword
 u - a +2 scimitar of protection (weapon)
 x - a cursed -3 flail
 K - a +0 arbalest
Missiles
 j - 128 arrows
 C - 6 javelins of penetration (quivered)
Armour
 H - a +0 pair of boots (worn)
 J - a +0 robe of magic resistance (worn)
Jewellery
 D - an uncursed ring of resist corrosion {unknown}
Wands
 r - a wand of confusion (0/48)
 L - a wand of confusion (14/48)
Scrolls
 a - a scroll of remove curse {unknown}
 d - 2 scrolls of teleportation {unknown}
 g - 2 scrolls of magic mapping {unknown}
 l - 3 scrolls of identify
 o - a scroll of amnesia {unknown}
 s - a scroll of recharging {unknown}
 t - a scroll of random uselessness {unknown}
 v - 2 scrolls of fear {unknown}
 w - a scroll of noise {unknown}
 y - a scroll of blinking {unknown}
Potions
 e - a potion of agility {unknown}
 f - 2 potions of invisibility {unknown}
 i - 6 potions of curing
 k - 2 potions of ambrosia {unknown}
 m - a potion of might {unknown}
 p - 2 potions of degeneration {unknown}
 q - 3 potions of flight {unknown}
 z - a potion of lignification {unknown}
 E - a potion of cure mutation {unknown}
 F - a potion of brilliance {unknown}
 G - a potion of cancellation {unknown}
Books
 b - a book of Conjurations

   Spells                             Type                      Level
   a - Magic Dart                     Conjuration                  1
   b - Searing Ray                    Conjuration                  2
   c - Dazzling Spray                 Conjuration/Hexes            3
   d - Fulminant Prism                Conjuration/Hexes            4
   e - Iskenderun's Mystic Blast      Conjuration                  4
   f - Iskenderun's Battlesphere      Conjuration/Charms           5
 A - a book of Air

   Spells                             Type                      Level
   a - Shock                          Conjuration/Air              1
   b - Swiftness                      Charms/Air                   2
   c - Repel Missiles                 Charms/Air                   2
   d - Static Discharge               Conjuration/Air              3
   e - Lightning Bolt                 Conjuration/Air              5
Comestibles
 c - 4 bread rations
 h - 4 meat rations
 B - a fruit
 I - a royal jelly


   Skills:
 - Level 2.1 Dodging
 - Level 2.1 Stealth
 + Level 7.5 Spellcasting
 - Level 10.1 Conjurations


You had 19 spell levels left.
You knew the following spells:

 Your Spells              Type           Power        Failure   Level  Hunger
a - Magic Dart            Conj           ####         1%          1    None
b - Searing Ray           Conj           ######       1%          2    None


Dungeon Overview and Level Annotations

Branches:
Dungeon (7/15)
 Temple: D:4-7

Altars:
Sif Muna

Annotations:
D:5 Crazy Yiuf, Menkaure


Message History

Casting: Searing Ray
Confirm with . or Enter, or press ? or * to list all spells.
Aiming: Searing Ray
Press: ? - help, Shift-Dir - straight line, f - crocodile
Aim: a crocodile The searing ray hits the crocodile.
The crocodile is moderately wounded.
The crocodile bites you!
The searing ray hits the crocodile.
The crocodile is heavily wounded.
The crocodile bites you!
* * * LOW HITPOINT WARNING * * *
Evoke which item? (* to show all) (? for menu, Esc to quit)
Zapping:
r - a wand of confusion {zapped: 7} (will waste charges)
Press: ? - help, Shift-Dir - straight line, f/p - crocodile
Aim: a crocodile (heavily wounded, chance to defeat MR: 46%)
The crocodile resists with some effort.
Evoking this partially-identified wand wasted a few charges.
The crocodile bites you!
You die...

####..[...###
......#......#
#####......#.#
##.#.>.#.#
...#...#.#
######...#.#
...........#
........t..####.#
..####..@.......#
# ###.#.######
#<#... #.#####
#.# ..# ###


You could see a crocodile.

Vanquished Creatures
  2 black bears (D:6)
  2 phantoms
  2 giant frogs
  A water moccasin zombie (D:7)
  A scorpion (D:5)
  2 centaur zombies
  3 crimson imps
  4 hounds
  7 orc wizards
  2 centaur skeletons
  2 iguanas
  2 worker ants
  Ijyb (D:3)
  A worker ant zombie (D:5)
  5 adders
  A howler monkey skeleton (D:4)
  4 gnolls
  2 shadow imps
  An adder zombie (D:6)
  An adder skeleton (D:5)
  4 worms
  3 dart slugs
  3 giant geckos
  16 orcs
  A ball python (D:5)
  4 giant cockroaches
  12 goblins
  7 hobgoblins
  11 jackals
  6 kobolds
  2 quokkas (D:3)
  9 bats
  6 giant newts
  4 rats
134 creatures vanquished.

Notes
Turn   | Place    | Note
--------------------------------------------------------------
     0 | D:1      | vonhedlund the High Elf Conjurer began the quest for the Orb.
     0 | D:1      | Reached XP level 1. HP: 11/11 MP: 4/4
   136 | D:1      | Reached XP level 2. HP: 14/17 MP: 2/7
   599 | D:2      | Learned a level 2 spell: Searing Ray
   646 | D:2      | You fall through a shaft!
   654 | D:3      | Reached XP level 3. HP: 21/21 MP: 6/9
   821 | D:2      | Found a faded altar to an unknown god.
   904 | D:2      | You fall through a shaft!
   904 | D:3      | Noticed Ijyb
   937 | D:3      | Reached XP level 4. HP: 25/27 MP: 1/11
  1064 | D:1      | Reached skill level 5 in Spellcasting
  1712 | D:3      | Reached XP level 5. HP: 30/31 MP: 8/14
  2157 | D:3      | Killed Ijyb
  2236 | D:4      | Reached skill level 5 in Conjurations
  2340 | D:4      | Reached XP level 6. HP: 34/36 MP: 9/16
  2636 | D:4      | Reached skill level 6 in Conjurations
  2914 | D:4      | Upgraded the game from 0.18.1-6-gd335043 to 0.18.1-8-gdd0e5ea
  2967 | D:5      | Entered Level 5 of the Dungeon
  3176 | D:5      | Reached skill level 7 in Conjurations
  3309 | D:5      | Reached XP level 7. HP: 38/41 MP: 10/17
  3625 | D:5      | Reached skill level 8 in Conjurations
  3663 | D:5      | Noticed Crazy Yiuf
  3936 | D:5      | Noticed Menkaure
  4101 | D:6      | Reached skill level 9 in Conjurations
  4195 | D:6      | Found a deep blue altar of Sif Muna.
  4245 | D:6      | Reached XP level 8. HP: 35/46 MP: 11/18
  4521 | D:6      | Reached skill level 10 in Conjurations
  4840 | D:7      | Slain by a crocodile

Skill      XL: |  1  2  3  4  5  6  7  8 |
---------------+-------------------------+-----
Spellcasting   | 3 4 5 6 7 |  7.5
Conjurations   | 5 7 9 10 | 10.1
Dodging        | |  2.1
Stealth        | |  2.1

Action                   |  1- 3 |  4- 6 |  7- 9 || total
-------------------------+-------+-------+-------++-------
Melee: Unarmed           |    13 |       |       ||    13
       Dagger            |     7 |       |       ||     7
       Short sword       |     8 |    31 |     2 ||    41
       Scimitar          |       |       |    38 ||    38
 Cast: Magic Dart        |    50 |    62 |    42 ||   154
       Searing Ray       |     4 |    27 |    25 ||    56
Evoke: Wand              |       |       |     3 ||     3
  Use: Scroll            |       |     1 |       ||     1
 Stab: Sleeping          |     2 |     3 |       ||     5
  Eat: Chunk             |       |     5 |     4 ||     9
       Royal jelly       |       |     1 |       ||     1
       Fruit             |       |       |     1 ||     1
Armor: Robe              |    10 |    14 |    33 ||    57
Dodge: Dodged            |    23 |    39 |    48 ||   110
